 Dungeon Crawl Stone Soup version 0.30-a0-709-gcdc1b43e22 (webtiles) character file.

Game seed: 3351484869836613299

1674 Citaku the Blocker (level 9, -9/69 HPs)
             Began as a Formicid Fighter on Jan 22, 2023.
             Mangled by Citaku's ghost (15 damage)
             ... on level 5 of the Dungeon.
             The game lasted 00:11:16 (4974 turns).

Citaku the Blocker (Formicid Fighter)               Turns: 4974, Time: 00:11:16

Health: -9/69      AC: 16    Str: 23    XL:     9   Next: 21%
Magic:  9/9        EV:  6    Int:  8    God:
Gold:   302        SH:  7    Dex: 15    Spells: 8/8 levels left

rFire   . . .      SeeInvis +    w - +5 Force Lance {heavy, knockback}
rCold   . . .      Faith    .    c - +0 buckler
rNeg    . . .      Spirit   .    u - +0 plate armour
rPois   .          Reflect  .    (helmet unavailable)
rElec   .          Harm     .    s - +0 cloak
rCorr   .          Rampage  .    v - +0 pair of gloves
Will    .....                    (no boots) Stlth
                                 (no amulet)
HPRegen 0.31/turn                (no ring)
MPRegen 0.11/turn                (no ring)

@: mighty, brilliant
A: permanent stasis, dig shafts and tunnels, antennae 3, four strong arms
a: Dig, Shaft Self


You were on level 5 of the Dungeon.
You visited 1 branch of the dungeon, and saw 7 of its levels.
You also visited: Sewer.

You collected 302 gold pieces.

Inventory:

Hand Weapons
 w - the +5 Force Lance (weapon) {heavy, knockback}
   (You found it on level 5 of the Dungeon)
Armour
 c - a +0 buckler (worn)
 s - a +0 cloak (worn)
 u - a +0 plate armour (worn)
 v - a +0 pair of gloves (worn)
Wands
 l - a wand of acid (11)
Scrolls
 e - 8 scrolls of identify {unknown}
 f - 2 scrolls of amnesia {unknown}
 g - 5 scrolls of enchant armour {unknown}
 i - 2 scrolls of blinking {unknown}
 j - 4 scrolls of teleportation {unknown}
 n - 3 scrolls of fear {unknown}
 p - a scroll of fog {unknown}
 r - a scroll of enchant weapon {unknown}
 x - a scroll of immolation {unknown}
Potions
 a - a potion of attraction {unknown}
 d - a potion of magic {unknown}
 h - a potion of resistance {unknown}
 k - 2 potions of brilliance
 m - a potion of lignification {unknown}
 o - 2 potions of berserk rage
 q - 2 potions of degeneration {unknown}
 t - a potion of mutation {unknown}
 z - a potion of might


   Skills:
 + Level 6.2 Fighting
 - Level 3.1(3.3) Axes
 * Level 1.4(2.4) Polearms
 * Level 7.8 Armour
 * Level 9.9 Shields


You had 8 spell levels left.
You didn't know any spells.
Your spell library contained the following spells:

 Spells                   Type           Power      Damage    Failure   Level
 Freeze                   Ice            0%         1d3       100%        1
 Cigotuvi's Dreadful Rot  Necr/Pois/Air  0%         N/A       100%        2
 Poisonous Vapours        Pois/Air       0%         N/A       100%        2
 Frozen Ramparts          Ice            0%         1d1       100%        3
 Hailstorm                Conj/Ice       0%         3d3       100%        3
 Mephitic Cloud           Conj/Pois/Air  0%         N/A       100%        3
 Ozocubu's Armour         Ice            0%         N/A       100%        3
 Leda's Liquefaction      Hex/Erth       0%         N/A       100%        4
 Lee's Rapid Deconstruct  Erth           0%         3d4*      100%        5
 Metabolic Englaciation   Hex/Ice        0%         N/A       100%        5
 Simulacrum               Ice/Necr       0%         N/A       100%        6
 Statue Form              Tmut/Erth      0%         N/A       100%        6


Dungeon Overview and Level Annotations

Branches:
Dungeon (7/15)             Temple (0/1) D:5           Sewer (visited)

Altars:

Shops:
D:4 *   D:5 [

Annotations:
D:5 Bnni's ghost, novice FoHs; Citaku's ghost, novice MiFi; WasteTime5's ghost, amateur OpAE


Innate Abilities, Weirdness & Mutations

You cannot be hasted, slowed, berserked, paralysed or teleported.
You can dig through walls and to a lower floor.
You have a pair of large antennae on your head. (SInv)
Your four strong arms can wield two-handed weapons with a shield.


Message History

WasteTime5's ghost is heavily damaged.
You block Bnni's ghost's attack.
WasteTime5's ghost casts a spell at you.
The zap hits you!
* * * LOW HITPOINT WARNING * * *
Citaku's ghost closely misses you.
You feel better.
Bnni's ghost whispers, "It is all a dream - a grotesque and foolish dream."
Bnni's ghost hits you but does no damage.
WasteTime5's ghost casts a spell at you.
The zap hits you.
* * * LOW HITPOINT WARNING * * *
You block Citaku's ghost's attack.
You miss WasteTime5's ghost.
WasteTime5's ghost is heavily damaged.
Bnni's ghost hits you but does no damage.
WasteTime5's ghost hits you.
* * * LOW HITPOINT WARNING * * *
Citaku's ghost hits you.
* * * LOW HITPOINT WARNING * * *
Bnni's ghost hits you but does no damage.
WasteTime5's ghost casts a spell.
You are struck by an arc of lightning.
* * * LOW HITPOINT WARNING * * *
Bnni's ghost is struck by an arc of lightning!
WasteTime5's ghost is struck by an arc of lightning.
The lightning grounds out.
Citaku's ghost is struck by an arc of lightning.
Bnni's ghost is struck by an arc of lightning!
WasteTime5's ghost is struck by an arc of lightning.
Citaku's ghost is struck by an arc of lightning!
The lightning grounds out.
You block Citaku's ghost's attack.
It was a potion of brilliance.
You feel clever all of a sudden.
Bnni's ghost says, "When I snap my fingers, you will think you are a chicken."
Bnni's ghost hits you but does no damage.
WasteTime5's ghost hits you but does no damage.
Citaku's ghost waves a bulging coin purse at you.
Citaku's ghost hits you!
You die...

# #.......[........## # ##
##......8.........# # .###
#..........#####..# ##
#..#####..........## #..## #.
###.##.....######..# ##..# #.
#......### #..### #..# ###.
##.....## ##....###..####...
#......## ##.......#.........
##.##....####W@.###.........8.8
###..####...#..WW##
###).#....⌠.⌠ #....# ##......##
##.###...... .##..## ###...##
#...#####..> ####..#
##...######..## #... #..#
#.......##..## #... #..#
#.......##..# #### ##.#
###'''####.## #.##
#.........###


You could see Bnni's ghost, Citaku's ghost and WasteTime5's ghost.

Vanquished Creatures
  Grinder (D:4)
  3 water moccasins
  2 ogres
  A necrophage (D:5)
  4 scorpions
  2 hounds
  An orc priest (D:4)
  A gnoll bouda (D:6)
  Crazy Yiuf (D:3)
  3 jellies
  4 iguanas
  Natasha (thrice) (D:3)
  3 orc wizards
  4 gnolls
  8 adders
  A white imp (D:5)
  2 ufetubi (D:5)
  5 worms
  A dart slug (D:2)
  11 orcs
  3 ball pythons
  6 bats
  7 endoplasms
  6 giant cockroaches
  3 goblins
  7 hobgoblins
  2 jackals (D:2)
  6 quokkas
  2 frilled lizards (D:2)
  8 kobolds
  9 rats
120 creatures vanquished.

Vanquished Creatures (others)
  3 withered plants (D:5)
3 creatures vanquished.

Grand Total: 123 creatures vanquished

Notes
Turn   | Place    | Note
-------+----------+-------------------------------------------
     0 | D:1      | Citaku the Formicid Fighter began the quest for the Orb.
     0 | D:1      | Reached XP level 1. HP: 18/18 MP: 1/1
   103 | D:1      | Reached XP level 2. HP: 24/24 MP: 2/2
   338 | D:1      | Reached XP level 3. HP: 11/29 MP: 3/3
   764 | D:2      | Reached skill level 5 in Shields
   764 | D:2      | Reached XP level 4. HP: 32/37 MP: 4/4
  1309 | D:3      | Reached XP level 5. HP: 42/42 MP: 5/5
  1352 | D:3      | Noticed Natasha
  1361 | D:3      | Killed Natasha
  1503 | D:3      | Noticed Natasha
  1510 | D:3      | Killed Natasha
  1543 | D:3      | Noticed Natasha
  1548 | D:3      | Killed Natasha
  1559 | D:3      | Found a faded altar of an unknown god.
  1591 | D:3      | Reached skill level 6 in Shields
  1591 | D:3      | Reached XP level 6. HP: 48/48 MP: 6/6
  1617 | D:3      | Found a runed translucent door.
  1618 | D:3      | Noticed Crazy Yiuf
  1627 | D:3      | Killed Crazy Yiuf
  1887 | D:4      | Found Awee's General Store.
  2033 | D:4      | Noticed an ogre
  2041 | D:4      | Killed an ogre
  2042 | D:4      | Reached XP level 7. HP: 50/55 MP: 7/7
  2136 | D:4      | Reached skill level 5 in Armour
  2168 | D:4      | Reached skill level 7 in Shields
  2242 | D:4      | Noticed Grinder
  2250 | D:4      | Killed Grinder
  2251 | D:4      | Reached skill level 5 in Fighting
  2380 | D:4      | Reached XP level 8. HP: 59/62 MP: 8/8
  2705 | D:5      | Entered Level 5 of the Dungeon
  2705 | D:5      | Found Uquos's Antique Armour Shop.
  2736 | D:5      | Reached skill level 8 in Shields
  2749 | D:5      | Found a staircase to the Ecumenical Temple.
  3059 | D:5      | HP: 3/64 [poisoned by a water moccasin]
  3228 | D:5      | Found a glowing drain.
  3234 | D:5      | Found the +5 Force Lance {heavy, knockback}
  3238 | Sewer    | Entered a sewer
  3274 | Sewer    | Reached skill level 9 in Shields
  3543 | D:5      | You fall into a shaft and drop 2 floors!
  4113 | D:5      | Reached XP level 9. HP: 53/69 MP: 9/9
  4591 | D:5      | Reached skill level 1 in Polearms
  4832 | D:5      | Found a runed translucent gate.
  4832 | D:5      | Found a runed translucent gate.
  4834 | D:5      | Found a runed translucent gate.
  4841 | D:5      | Noticed Bnni's ghost (novice FoHs)
  4841 | D:5      | Noticed WasteTime5's ghost (amateur OpAE)
  4841 | D:5      | Noticed Citaku's ghost (novice MiFi)
  4974 | D:5      | Mangled by Citaku's ghost

Illustrated notes

Levels and vault maps discovered:
D:1:      lightli_arrival_boilingwater, layout_basic
D:2:      layout_rooms, kennysheep_cross_room, minmay_pentomino_q4
D:3:      layout_rooms, shapermc_ecumenical_altar_ellora,
          wad_floor_pattern_untrapped, uniq_crazy_yiuf_cottage, uniq_natasha
D:4:      layout_basic, serial_shops, nicolae_shop_advertising_works
          [nicolae_subvault_shop_adworks], uniq_grinder
D:5:      layout_layer_cave, minmay_temple_entry_drinking_statues,
          gammafunk_ghost_cemetery, portal_sewer_entry_a, serial_shops,
          nicolae_stop_n_shop_1
D:6:      layout_cave_pools, nicolae_overflow_hallway_of_the_gods,
          gammafunk_ghost_abyssal_escape
D:7:      layout_basic

Skill      XL: |  1  2  3  4  5  6  7  8  9 |
---------------+----------------------------+-----
Shields        | 5 6 7 9 |  9.9
Fighting       | 4 5 6 |  6.2
Armour         | 4 5 7 |  7.8
Axes           | 3 |  3.1
Polearms       | 1 |  1.4

Action                     |  1- 3 |  4- 6 |  7- 9 || total
---------------------------+-------+-------+-------++-------
  Melee: War axe           |    84 |    84 |       ||   168
         Quarterstaff      |       |    21 |   163 ||   184
         Lance             |       |       |    29 ||    29
Ability: Shaft Self        |       |       |     1 ||     1
    Use: Potion            |       |     1 |     6 ||     7
 Armour: Scale mail        |    24 |    45 |    50 ||   119
         Plate armour      |       |       |    99 ||    99
  Dodge: Dodged            |    35 |    56 |    91 ||   182
  Block: Buckler           |    23 |    26 |    68 ||   117

Table legend: (Time is in decaauts)
 A = Elapsed time spent in this place.
 B = Non-inter-level travel time spent in this place.
 C = Inter-level travel time spent in this place.
 D = Time resting spent in this place.
 E = Time spent auto-exploring this place.
 F = Levels seen in this place.
 G = Mean time per level.
                   A        B        C        D        E       F      G
               +--------+--------+--------+--------+--------+-----+--------+
         Total |   5116 |   5028 |     88 |      0 |   3695 |   8 |  639.5 |
       Dungeon |   4831 |   4743 |     88 |      0 |   3460 |   7 |  690.1 |
         Sewer |    284 |    284 |      0 |      0 |    235 |   1 |  284.0 |
               +--------+--------+--------+--------+--------+-----+--------+

Top non-repeatable levels by time:
     D:5: 1643 daAuts
     D:4: 930 daAuts
     D:3: 678 daAuts
     D:2: 627 daAuts
     D:1: 556 daAuts
   Sewer: 284 daAuts
     D:6: 238 daAuts
     D:7: 157 daAuts
